 Dungeon Crawl Stone Soup version 0.29-a0-1039-gfc20370e89 (webtiles) character file.

Game seed: 17669601420803557285

6162 Plasmagod the Severer (level 10, -1/94 HPs)
             Began as a Minotaur Fighter on Aug 15, 2022.
             Was a Believer of Ru.
             Succumbed to a water moccasin's poison
             ... on level 8 of the Dungeon.
             The game lasted 00:19:40 (9518 turns).

Plasmagod the Severer (Minotaur Fighter)            Turns: 9518, Time: 00:19:41

Health: -1/94      AC: 14    Str: 26    XL:     10   Next: 60%
Magic:  9/9        EV:  8    Int:  5    God:    Ru [**....]
Gold:   462        SH:  4    Dex:  9    Spells: 9/9 levels left

rFire   + . .      SeeInvis .   G - +6 flail (holy)
rCold   + . .      Faith    .   c - +0 buckler
rNeg    . . .      Spirit   .   H - +0 chain mail {rF+}
rPois   .          Reflect  .   D - +1 hat
rElec   .          Harm     .   q - +0 cloak
rCorr   +          Rampage  .   p - +2 pair of gloves
Will    .....                   (no boots)
Stlth   ..........              (no amulet)
HPRegen 0.25/turn               d - ring of resist corrosion
MPRegen 0.11/turn               y - ring of protection from cold

@: lethally poisoned (-1 -> -16)
A: horns 2, inability to use devices, retaliatory headbutt
a: Renounce Religion


You were on level 8 of the Dungeon.
You worshipped Ru.
Ru was pleased with you.
You visited 2 branches of the dungeon, and saw 9 of its levels.
You also visited: Ossuary.

You collected 462 gold pieces.

Inventory:

Hand Weapons
 a - a +0 war axe of chaos
 G - a +6 flail of holy wrath (weapon)
Armour
 c - a +0 buckler (worn)
 p - a +2 pair of gloves (worn)
 q - a +0 cloak (worn)
 D - a +1 hat (worn)
 H - a +0 chain mail of fire resistance (worn)
Jewellery
 d - a ring of resist corrosion (left hand)
 y - a ring of protection from cold (right hand)
Scrolls
 e - 2 scrolls of poison
 f - 6 scrolls of teleportation
 h - 3 scrolls of identify
 j - a scroll of butterflies
 o - a scroll of silence
 t - 4 scrolls of enchant armour
 v - a scroll of summoning
 B - a scroll of brand weapon
 I - a scroll of magic mapping
Potions
 g - 4 potions of heal wounds
 i - a potion of attraction
 k - 7 potions of curing
 l - a potion of degeneration {unknown}
 m - 3 potions of haste
 n - 3 potions of lignification
 r - 2 potions of mutation
 s - a potion of ambrosia {unknown}
 w - 3 potions of flight {unknown}
 x - 4 potions of resistance {unknown}
 A - a potion of cancellation {unknown}
 C - a potion of brilliance {unknown}
 F - a potion of might
 J - 2 potions of magic {unknown}


   Skills:
 + Level 10.9 Fighting
 - Level 16.0 Axes
 - Level 3.8 Armour
 - Level 3.8 Shields


You had 9 spell levels left.
You didn't know any spells.
Your spell library contained the following spells:

 Spells                   Type           Power      Damage    Failure   Level
 Foxfire                  Conj/Fire      0%         2x1d4     99%         1
 Conjure Flame            Conj/Fire      0%         6-21      100%        3
 Inner Flame              Hex/Fire       0%         N/A       100%        3
 Tukima's Dance           Hex            0%         N/A       100%        3
 Animate Dead             Necr           0%         N/A       100%        4
 Flame Wave               Conj/Fire      0%         2d4       100%        4
 Passage of Golubria      Tloc           0%         N/A       100%        4
 Yara's Violent Unravell  Hex/Tmut       0%         3d3       100%        5
 Haunt                    Necr/Summ      0%         N/A       100%        7
 Infestation              Necr           0%         N/A       100%        8


Dungeon Overview and Level Annotations

Branches:
Dungeon (8/15)             Temple (1/1) D:5         Ossuary (visited)
   Lair: D:8-11

Altars:
Ashenzari
Dithmenos
Elyvilon
Fedhas
Gozag
Hepliaklqana
Kikubaaqudgha
Makhleb
Nemelex Xobeh
Okawaru
Qazlal
Ru
Sif Muna
Trog
Uskayaw
Vehumet
Wu Jian
Xom
Yredelemnul
Zin
The Shining One

Annotations:
D:4 Sigmund


Innate Abilities, Weirdness & Mutations

You have a pair of horns on your head.
You cannot study or use magical devices.
You reflexively headbutt those who attack you in melee.


Message History

You hear a shout! x2
You sock the red ugly thing!
The red ugly thing is severely wounded.
The red ugly thing tentacle-slaps you!
* * * LOW HITPOINT WARNING * * *
You are engulfed in flames!
You resist.
* * * LOW HITPOINT WARNING * * *
You feel much better.
The red ugly thing stops glowing.
The red ugly thing tentacle-slaps you.
* * * LOW HITPOINT WARNING * * *
You are engulfed in flames!
You resist.
* * * LOW HITPOINT WARNING * * *
A sky beast comes into view.
The red ugly thing tentacle-slaps you but does no damage.
The yak snorts and paws the ground.
You bludgeon the red ugly thing!!
You kill the red ugly thing!
You hit the howler monkey.
The howler monkey is severely wounded.
The howler monkey hits you.
* * * LOW HITPOINT WARNING * * *
You sock the howler monkey!
You kill the howler monkey!
A wight comes into view. It is wielding a +0 scimitar.
The water moccasin bites you but does no damage.
The water moccasin attacks as you move away!
You redirect the water moccasin's attack!
The water moccasin barely misses itself.
You hit the water moccasin.
Your headbutt misses the water moccasin.
The water moccasin is moderately wounded.
The water moccasin bites you but does no damage.
The water moccasin bites you.
* * * LOW HITPOINT WARNING * * *
The water moccasin attacks as you move away!
The water moccasin bites you.
* * * LOW HITPOINT WARNING * * *
You are lethally poisoned!
The water moccasin poisons you!
You die...

#. #......... ..
#.#...#... ##.#
#..#...#.. #...
#..Y#..)# #...
###..#h..#
#...######)z)#...#.S.
#...#...##†#.S.......
####....###.#z#.....##..
......(<.@.SK.##.#..#
..............##......
........................
####....#.#..##.##....#.
#...#...#.# .# .#..#
#...##.##..... ....#
#... #.##### # #... #.#


You could see a water moccasin, a kobold brigand and a wight.

Vanquished Creatures
  An ugly thing (D:8)
  Pikel (D:5)
  Maggie (D:7)
  A komodo dragon (D:7)
  Prince Ribbit (D:6)
  A wyvern (D:6)
  A basilisk (D:8)
  Eustachio (D:5)
  Menkaure (D:6)
  2 steam dragons (D:7)
  Edmund (D:6)
  3 water moccasins
  A sky beast (D:3)
  2 orc warriors
  2 ice beasts
  2 black bears (D:5)
  An ogre (D:5)
  4 centaurs
  A phantom (D:5)
  3 lemures (D:5)
  Blork the orc (D:5)
  2 bullfrogs
  2 scorpions (D:4)
  3 water moccasin zombies (Ossuary)
  11 wights
  A howler monkey (D:8)
  2 hounds
  2 jellies
  9 orc priests
  2 gnoll boudas
  5 iguanas
  9 orc wizards
  2 mummies (Ossuary)
  Robin (D:2)
  8 gnolls
  8 adders
  4 shadow imps
  2 white imps
  4 ufetubi
  5 adder zombies (Ossuary)
  3 worms (D:3)
  3 dart slugs
  33 orcs
  6 ball pythons
  2 endoplasms
  2 giant cockroaches (D:2)
  16 goblins
  7 hobgoblins
  4 jackals (D:1)
  5 kobolds
  2 quokkas
  8 bats
  3 frilled lizards
  4 gnoll zombies (Ossuary)
  3 hobgoblin zombies (Ossuary)
  3 kobold zombies (Ossuary)
  3 orc zombies (Ossuary)
  5 rats
226 creatures vanquished.

Notes
Turn   | Place    | Note
-------+----------+-------------------------------------------
     0 | D:1      | Plasmagod the Minotaur Fighter began the quest for the Orb.
     0 | D:1      | Reached XP level 1. HP: 19/19 MP: 0/0
   293 | D:1      | Reached XP level 2. HP: 26/27 MP: 1/1
   306 | D:1      | Reached skill level 3 in Axes
   825 | D:2      | Noticed Robin
   832 | D:2      | Reached XP level 3. HP: 22/33 MP: 2/2
   834 | D:2      | Killed Robin
   835 | D:2      | Reached skill level 4 in Axes
  1493 | D:3      | Reached XP level 4. HP: 39/40 MP: 3/3
  1594 | D:3      | Reached skill level 5 in Axes
  1729 | D:3      | Noticed a sky beast
  1744 | D:3      | Killed a sky beast
  1745 | D:3      | Reached skill level 6 in Axes
  1745 | D:3      | Reached XP level 5. HP: 13/46 MP: 4/4
  2025 | D:3      | Reached skill level 7 in Axes
  2028 | D:3      | Reached XP level 6. HP: 52/52 MP: 5/5
  2189 | D:3      | You fall into a shaft and drop 3 floors!
  2199 | D:5      | Entered Level 5 of the Dungeon
  2210 | D:5      | Noticed Pikel
  2216 | D:4      | Reached skill level 8 in Axes
  2516 | D:4      | Reached skill level 9 in Axes
  2516 | D:4      | Reached XP level 7. HP: 58/58 MP: 6/6
  2651 | D:4      | Found a sand-covered staircase.
  2660 | Ossuary  | Entered an ossuary
  2849 | Ossuary  | Reached skill level 10 in Axes
  3236 | D:4      | Noticed Sigmund
  4314 | D:5      | Found a staircase to the Ecumenical Temple.
  4321 | D:5      | Reached skill level 11 in Axes
  4323 | D:5      | Noticed Eustachio
  4326 | Temple   | Entered the Ecumenical Temple
  4739 | Temple   | Became a worshipper of Ru the Awakened
  4761 | D:5      | Killed Eustachio
  4762 | D:5      | Reached XP level 8. HP: 54/66 MP: 7/7
  4847 | D:5      | Reached skill level 12 in Axes
  5122 | D:5      | Killed Pikel
  5123 | D:5      | Reached skill level 13 in Axes
  5357 | D:5      | Noticed Blork the orc
  5363 | D:5      | Killed Blork the orc
  5589 | D:5      | Reached XP level 9. HP: 49/71 MP: 8/8
  5748 | D:5      | Reached skill level 14 in Axes
  5926 | D:6      | Noticed Menkaure
  5939 | D:6      | Killed Menkaure
  6370 | D:6      | Noticed Prince Ribbit
  6379 | D:6      | Killed Prince Ribbit
  6470 | D:6      | Reached skill level 15 in Axes
  7160 | D:6      | Identified the +3 spear of Animal Spirits {flame, rN+ Str-5
                  | Int+7}
  7166 | D:6      | Noticed Edmund
  7202 | D:6      | Killed Edmund
  7217 | D:6      | Gained mutation: You cannot study or use magical devices.
                  | [Ru sacrifice]
  7217 | D:6      | Reached * piety under Ru
  7217 | D:6      | Reached ** piety under Ru
  7577 | D:6      | Reached skill level 16 in Axes
  7927 | D:7      | Reached skill level 5 in Fighting
  8045 | D:7      | Reached XP level 10. HP: 39/84 MP: 9/9
  8314 | D:7      | Found the +7 great mace "Firestarter" {inner flame, rF++}
  8893 | D:7      | Noticed Maggie
  8905 | D:7      | Killed Maggie
  8919 | D:7      | Identified the +1 scimitar "Gessaf" {antimagic, Fragile
                  | +Blink Int+4}
  9490 | D:8      | Identified the +1 whip "Giantslayer" {spect, MP-9 Dex+4}
  9494 | D:8      | Reached skill level 10 in Fighting
  9495 | D:8      | Noticed a red ugly thing
  9507 | D:8      | HP: 4/93 [red ugly thing (7)]
  9511 | D:8      | Killed a red ugly thing
  9518 | D:8      | HP: 3/94 [water moccasin (6)]
  9518 | D:8      | Succumbed to a water moccasin's poison

Illustrated notes

Levels and vault maps discovered:
D:1:      matt_arrival_diagonals, layout_basic, minmay_split_cup_small
D:2:      layout_basic, uniq_robin
D:3:      cheibrodos_helix_gallery, layout_basic
D:4:      layout_loops_ring, chequers_ossuary_entry_cave, uniq_sigmund
D:5:      layout_cave_pools, minmay_temple_entry_proselytizer,
          minmay_misc_feat_five, minmay_increasing_density, uniq_blork_the_orc,
          uniq_pikel, uniq_eustachio
D:6:      minmay_skewed_foursquare, layout_cave_pools, minivault_5,
          uniq_menkaure, uniq_prince_ribbit1, uniq_edmund
D:7:      layout_basic, minmay_fractal_squares_5, uniq_maggie
D:8:      cheibrodos_fzero, layout_loops_cross, mainiacjoe_overflow_24_doors
Temple:   compressed_dpeg_triangle_lava_temple

Skill      XL: |  1  2  3  4  5  6  7  8  9 10 |
---------------+-------------------------------+-----
Axes           | 3 4 6 7 9 11 13 16 | 16.0
Fighting       | 6 10 | 10.9
Armour         | |  3.8
Shields        | |  3.8

Action                   |  1- 3 |  4- 6 |  7- 9 | 10-12 || total
-------------------------+-------+-------+-------+-------++-------
Melee: War axe           |    78 |    99 |   345 |       ||   522
       Headbutt          |    14 |    20 |    38 |    15 ||    87
       Flail             |       |       |    30 |    94 ||   124
Invok: Sacrifice Artific |       |       |     1 |       ||     1
  Use: Potion            |     1 |       |     2 |     1 ||     4
       Scroll            |       |       |     8 |    10 ||    18
 Stab: Invisible         |       |       |     1 |       ||     1
Armor: Scale mail        |    48 |    41 |   121 |       ||   210
       Chain mail        |       |       |    37 |    37 ||    74
Dodge: Dodged            |    58 |    24 |   127 |    26 ||   235
Block: Buckler           |    19 |    16 |    51 |    13 ||    99

Table legend: (Time is in decaauts)
 A = Elapsed time spent in this place.
 B = Non-inter-level travel time spent in this place.
 C = Inter-level travel time spent in this place.
 D = Time resting spent in this place.
 E = Time spent auto-exploring this place.
 F = Levels seen in this place.
 G = Mean time per level.
                   A        B        C        D        E       F      G
               +--------+--------+--------+--------+--------+-----+--------+
         Total |   9529 |   9387 |    142 |   1557 |   6268 |  10 |  952.9 |
       Dungeon |   8691 |   8563 |    128 |   1388 |   5759 |   8 | 1086.4 |
        Temple |    600 |    586 |     14 |    169 |    365 |   1 |  600.0 |
       Ossuary |    238 |    238 |      0 |      0 |    144 |   1 |  238.0 |
               +--------+--------+--------+--------+--------+-----+--------+

Top non-repeatable levels by time:
     D:6: 1682 daAuts
     D:5: 1642 daAuts
     D:7: 1583 daAuts
     D:3: 1269 daAuts
     D:4: 956 daAuts
     D:2: 762 daAuts
     D:1: 740 daAuts
  Temple: 600 daAuts
 Ossuary: 238 daAuts
     D:8: 55 daAuts
